 Dungeon Crawl Stone Soup version 0.29-a0-1009-g60c99734e7 (webtiles) character file.

Game seed: 5490332221733297972

72 siradein the Digger (level 3, -4/26 HPs)
             Began as a Demigod Earth Elementalist on Aug 8, 2022.
             Slain by a hobgoblin
             ... wielding a +0 spear
              (5 damage)
             ... on level 2 of the Dungeon.
             The game lasted 00:01:14 (1440 turns).

siradein the Digger (Demigod Earth Elementalist)    Turns: 1440, Time: 00:01:15

Health: -4/26      AC:  3    Str:  9    XL:     3   Next: 82%
Magic:  5/9        EV: 12    Int: 21    God:
Gold:   86         SH:  0    Dex: 14    Spells: 3/7 levels left

rFire   . . .      SeeInvis .   (no weapon)
rCold   . . .      Faith    .   (no shield)
rNeg    . . .      Spirit   .   a - +0 robe
rPois   .          Reflect  .   (no helmet)
rElec   .          Harm     .   g - +0 cloak
rCorr   .          Rampage  .   (no gloves)
Will    .....                   (no boots)
Stlth   ++........              (no amulet)
HPRegen 0.08/turn               (no ring)
MPRegen 0.11/turn               (no ring)

@: no status effects
A: high MP 1, forlorn, divine attributes
a: no special abilities


You were on level 2 of the Dungeon.
You visited 1 branch of the dungeon, and saw 2 of its levels.

You collected 86 gold pieces.

Inventory:

Armour
 a - a +0 robe (worn)
 g - a +0 cloak (worn)
Wands
 j - a wand of light (3)
Scrolls
 c - a scroll of identify {unknown}
 f - a scroll of butterflies {unknown}
 i - a scroll of teleportation {unknown}
Potions
 b - a potion of magic
 d - a potion of attraction {unknown}
 e - 2 potions of curing {unknown}
 h - a potion of lignification {unknown}


   Skills:
 - Level 1.7 Dodging
 - Level 1.7 Stealth
 + Level 2.8 Spellcasting
 + Level 0.6 Conjurations
 - Level 0.8 Transmutations
 + Level 3.6 Earth Magic


You had 3 spell levels left.
You knew the following spells:

 Your Spells              Type           Power      Damage    Failure   Level
a - Sandblast             Erth           36%        2d10      3%          1
b - Stone Arrow           Conj/Erth      22%        3d8       17%         3

Your spell library contained the following spells:

 Spells                   Type           Power      Damage    Failure   Level
 Passwall                 Tmut/Erth      10%        N/A       9%          2
 Petrify                  Tmut/Erth      12%        N/A       47%         4


Dungeon Overview and Level Annotations

Branches:
Dungeon (2/15)


Innate Abilities, Weirdness & Mutations

You have an increased reservoir of magic. (+10% MP)
You shall have no god before yourself.
Your divine heritage dramatically boosts your attributes as you level up.


Message History

The hobgoblin shouts!
Unknown command.
Casting: Sandblast (safe; 3% risk of failure)
Confirm with . or Enter, or press ? or * to list all spells.
Aiming: Sandblast (safe; 3% risk of failure)
Press: ? - help, Shift-Dir - straight line, f/p - hobgoblin
Aim: a hobgoblin, wielding a +0 spear and wearing a +0 chain mail (87% to hit)
The blast of sand hits the hobgoblin but does no damage.
The hobgoblin closely misses you. The hobgoblin misses you.
Unknown command.
A hobgoblin is nearby!
Casting: Sandblast (safe; 3% risk of failure)
Confirm with . or Enter, or press ? or * to list all spells.
Aiming: Sandblast (safe; 3% risk of failure)
Press: ? - help, Shift-Dir - straight line, f/p - hobgoblin
Aim: a hobgoblin, wielding a +0 spear and wearing a +0 chain mail (87% to hit)
The blast of sand hits the hobgoblin but does no damage.
The hobgoblin hits you from afar with a +0 spear.
* * * LOW HITPOINT WARNING * * *
The hobgoblin hits you but does no damage.
Casting: Sandblast (safe; 3% risk of failure)
Confirm with . or Enter, or press ? or * to list all spells.
Aiming: Sandblast (safe; 3% risk of failure)
Press: ? - help, Shift-Dir - straight line, f/p - hobgoblin
Aim: a hobgoblin, wielding a +0 spear and wearing a +0 chain mail (87% to hit)
The blast of sand hits the hobgoblin but does no damage.
The hobgoblin hits you but does no damage.
The hobgoblin barely misses you.
Unknown command.
Casting: Sandblast (safe; 3% risk of failure)
Confirm with . or Enter, or press ? or * to list all spells.
Aiming: Sandblast (safe; 3% risk of failure)
Press: ? - help, Shift-Dir - straight line, f/p - hobgoblin
Aim: a hobgoblin, wielding a +0 spear and wearing a +0 chain mail (87% to hit)
The blast of sand hits the hobgoblin.
The hobgoblin is almost dead.
The hobgoblin hits you from afar with a +0 spear.
* * * LOW HITPOINT WARNING * * *
The hobgoblin hits you from afar with a +0 spear.
You die...

♣ .♣♣ ## ♣♣.♣♣ ## #.
♣...♣♣ . #. ♣..).♣ #.#.
#....# . #.#.#####).@.##
g ####.............#
.##....#>##...#..#g#
.#.# #...)....†........
...###.#......>.#......
.......##.#..#####.####.
....#.##..#..# .#
....<.#.#....# .#
..###..#...#.# #


You could see a hobgoblin.

Vanquished Creatures
  Jessica (D:2)
  Natasha (D:2)
  A dart slug (D:2)
  An endoplasm (D:2)
  4 giant cockroaches
  3 goblins
  2 hobgoblins (D:1)
  4 kobolds (D:1)
  A ball python (D:1)
  2 bats (D:1)
  A frilled lizard (D:1)
21 creatures vanquished.

Notes
Turn   | Place    | Note
-------+----------+-------------------------------------------
     0 | D:1      | siradein the Demigod Earth Elementalist began the quest for
                  | the Orb.
     0 | D:1      | Reached XP level 1. HP: 14/14 MP: 5/5
   429 | D:1      | Reached skill level 3 in Earth Magic
   693 | D:1      | Reached XP level 2. HP: 20/20 MP: 2/7
  1264 | D:2      | Noticed Jessica
  1267 | D:2      | Killed Jessica
  1268 | D:2      | Reached XP level 3. HP: 24/26 MP: 6/9
  1275 | D:2      | Learned a level 3 spell: Stone Arrow
  1323 | D:2      | Noticed Natasha
  1330 | D:2      | Killed Natasha
  1440 | D:2      | HP: 1/26 [hobgoblin/+0 spear (4)]
  1440 | D:2      | Slain by a hobgoblin

Illustrated notes

Levels and vault maps discovered:
D:1:      dpeg_arrival_circle_labyrinth_c, layout_loops_ring,
          ebering_ecumenical_altar_ruins
D:2:      layout_loops_ring, uniq_jessica, uniq_natasha, uniq_crazy_yiuf_cottage

Skill      XL: |  1 |
---------------+----+-----
Spellcasting   | 2 |  2.8
Earth Magic    | 3 |  3.6
Dodging        | |  1.7
Stealth        | |  1.7
Conjurations   | |  0.6
Transmutations | |  0.8

Action                   || total
-------------------------++-------
Melee: Unarmed           ||     1
 Cast: Sandblast         ||    37
Armor: Robe              ||     4
Dodge: Dodged            ||    16

Table legend: (Time is in decaauts)
 A = Elapsed time spent in this place.
 B = Non-inter-level travel time spent in this place.
 C = Inter-level travel time spent in this place.
 D = Time resting spent in this place.
 E = Time spent auto-exploring this place.
 F = Levels seen in this place.
 G = Mean time per level.
                   A        B        C        D        E       F      G
               +--------+--------+--------+--------+--------+-----+--------+
         Total |   1475 |   1359 |    116 |      0 |   1208 |   2 |  737.5 |
       Dungeon |   1475 |   1359 |    116 |      0 |   1208 |   2 |  737.5 |
               +--------+--------+--------+--------+--------+-----+--------+

Top non-repeatable levels by time:
     D:1: 1260 daAuts
     D:2: 215 daAuts
